 Dungeon Crawl Stone Soup version 0.30-b1-2-g02819fbbbe (webtiles) character file.

Game seed: 6559810374785243324

6235 LLlMATKO the Fighter (level 10, -3/141 HPs)
             Began as a Minotaur Berserker on Dec 6, 2023.
             Was an Elder of Trog.
             Slain by a hellwing (7 damage)
             ... on level 11 of the Dungeon.
             The game lasted 00:07:43 (10525 turns).

LLlMATKO the Fighter (Minotaur Berserker)          Turns: 10525, Time: 00:07:44

Health: -3/141     AC: -1    Str: 35    XL:     10   Next: 62%
Magic:  8/8        EV: 13    Int:  4    God:    Trog [****..]
Gold:   564        SH:  0    Dex: 16    Spells: 9/9 levels left

rFire   + . .        a - +0 hand axe
rCold   + . .        G - orb {light}
rNeg    . . .        E - +0 plate armour
rPois   .            (helmet restricted)
rElec   .            t - scarf "Ugaitaex" {rC+ rF+, Fly Will- Str+9}
rCorr   .            (no gloves)
SInv    .            (no boots)
Will    .....        (no amulet) Stlth
                     p - +6 ring of dexterity
HPRegen 0.43/turn    (no ring)
MPRegen 0.11/turn

%: no passive effects
@: berserking, lethally poisoned (-3 -> -23), corroded, flying, glowing, very
quick
A: horns 2, retaliatory headbutt, low MP 1, inability to drink after injury 1
a: Renounce Religion, Berserk, Trog's Hand, Brothers in Arms


You were on level 11 of the Dungeon.
You worshipped Trog.
Trog was greatly pleased with you.
You visited 1 branch of the dungeon, and saw 11 of its levels.
You also visited: Sewer.

You collected 564 gold pieces.

Inventory:

Hand Weapons
 a - a +0 hand axe (weapon)
Missiles
 g - 12 poisoned darts (quivered)
 l - 15 atropa-tipped darts
 D - a throwing net
Armour
 t - the scarf "Ugaitaex" (worn) {rC+ rF+, Fly Will- Str+9}
   (You found it on level 10 of the Dungeon)

   Str:       It affects your strength (+9).
   Fly:       It grants you flight.
   Will:      It decreases your willpower.
 E - a +0 plate armour (worn)
 G - an orb of light (worn)
Jewellery
 p - a +6 ring of dexterity (left hand)
Wands
 h - a wand of charming (4)
 w - a wand of polymorph (10)
 A - a wand of roots (12)
Scrolls
 d - 4 scrolls of fear {unknown}
 f - 3 scrolls of enchant armour {unknown}
 i - 3 scrolls of fog {unknown}
 j - 5 scrolls of teleportation {unknown}
 k - 7 scrolls of identify {unknown}
 m - 3 scrolls of noise {unknown}
 u - a scroll of blinking {unknown}
 v - a scroll of poison {unknown}
 x - 2 scrolls of enchant weapon {unknown}
 y - a scroll of magic mapping
 B - a scroll of amnesia {unknown}
 C - a scroll of vulnerability {unknown}
Potions
 b - 7 potions of curing
 c - a potion of cancellation {unknown}
 e - 2 potions of brilliance {unknown}
 n - 3 potions of heal wounds
 o - 2 potions of haste {unknown}
 q - a potion of attraction {unknown}
 r - 2 potions of mutation {unknown}
 s - 4 potions of flight {unknown}
 z - 2 potions of lignification {unknown}
 F - a potion of might {unknown}


   Skills:
 + Level 10.3 Fighting
 + Level 10.3 Axes
 + Level 10.0 Armour
 + Level 9.2 Dodging


You had 9 spell levels left.
You didn't know any spells.
Your spell library was empty.

Dungeon Overview and Level Annotations

Branches:
Dungeon (11/15)            Temple (0/1) D:4           Sewer (visited)
   Lair: D:8-11         Orc: D:9-12

Altars:
Ashenzari
Cheibriados
Dithmenos
Elyvilon
Fedhas
Makhleb
Qazlal
Ru
Uskayaw
Vehumet
Wu Jian
Xom

Shops:
D:7 *   D:8 (:::*


Innate Abilities, Weirdness & Mutations

You have a pair of horns on your head.
You reflexively headbutt those who attack you in melee.
Your magical capacity is low. (-10% MP)
You occasionally lose the ability to drink potions when taking damage.


Message History

You feel very sick.
Unknown command.
You hit the neqoxec but do no damage. You headbutt the neqoxec!
The neqoxec is almost dead.
You hit the smoke demon. You hit the hellwing. You hit the rust devil.
You feel very sick. The orange demon stings you from afar.
* * * LOW HITPOINT WARNING * * *
The rust devil closely misses you. The neqoxec closely misses you.
The smoke demon hits you.
* * * LOW HITPOINT WARNING * * *
The smoke demon misses you. The smoke demon closely misses you.
The hellwing hits you.
* * * LOW HITPOINT WARNING * * *
The hellwing hits you.
* * * LOW HITPOINT WARNING * * *
Unknown command.
Unknown command.
Unknown command.
Unknown command.
You hit the neqoxec but do no damage. You headbutt the neqoxec.
The neqoxec is almost dead.
You hit the smoke demon. You barely miss the hellwing.
You hit the rust devil but do no damage.
* * * LOW HITPOINT WARNING * * *
You feel very sick.
Unknown command.
You hit the neqoxec but do no damage.
The neqoxec is almost dead.
You hit the rust devil but do no damage.
You hit the smoke demon. You hit the hellwing but do no damage.
* * * LOW HITPOINT WARNING * * *
You feel very sick. The neqoxec hits you!
* * * LOW HITPOINT WARNING * * *
The smoke demon gestures at you. The ball of steam hits you. You resist.
* * * LOW HITPOINT WARNING * * *
The hellwing hits you!
You die...

..........#
..........
..........
.........######
.........#....#
.........#....#
#......'....#
#...3..#....#
#..34@.#...<#
#..543ยง#....#
#....554.######
#.........
#......####
..../.. .......
.......


You could see an orange demon, a hellwing, a rust devil, a smoke demon, a
neqoxec, a ynoxinul and 3 ufetubi.

Vanquished Creatures
  2 two-headed ogres (D:10)
  A manticore (D:9)
  Psyche (D:10)
  A troll (D:10)
  A hornet (D:10)
  Grinder (D:3)
  A wraith (D:10)
  A wyvern (D:8)
  2 steam dragons
  An acid dragon (D:10)
  Edmund (D:4)
  2 orc warriors
  Pargi (Sewer)
  An ice beast (D:8)
  3 water moccasins
  A black bear (D:7)
  2 sky beasts (D:7)
  2 ogres
  4 centaurs
  A gnoll sergeant (D:8)
  A scorpion (D:7)
  A bullfrog (D:7)
  4 killer bees (D:7)
  6 howler monkeys
  A jelly (D:8)
  5 orc priests
  A gnoll bouda (D:8)
  5 hounds
  Crazy Yiuf (D:5)
  3 sleepcaps
  An iguana (D:5)
  9 orc wizards
  8 gnolls
  A river rat (D:4)
  11 adders
  2 shadow imps
  6 worms
  4 dart slugs
  31 orcs
  4 bats
  8 endoplasms
  4 giant cockroaches
  2 goblins (D:2)
  8 hobgoblins
  3 quokkas
  6 ball pythons
  3 frilled lizards
  8 kobolds
  5 rats
182 creatures vanquished.

Vanquished Creatures (others)
  8 plants
8 creatures vanquished.

Grand Total: 190 creatures vanquished

Notes
Turn   | Place    | Note
-------+----------+-------------------------------------------
     0 | D:1      | LLlMATKO the Minotaur Berserker began the quest for the
                  | Orb.
     0 | D:1      | Reached XP level 1. HP: 19/19 MP: 0/0
   176 | D:1      | Reached XP level 2. HP: 21/27 MP: 1/1
   242 | D:1      | Found a faded altar of an unknown god.
   445 | D:1      | Reached ** piety under Trog
   920 | D:2      | Reached XP level 3. HP: 33/33 MP: 2/2
  1284 | D:2      | Reached XP level 4. HP: 35/40 MP: 3/3
  1874 | D:3      | Found a hide-covered altar of Uskayaw.
  1904 | D:3      | Found a snail-covered altar of Cheibriados.
  2155 | D:3      | Noticed Grinder
  2160 | D:3      | Paralysed by Grinder for 4 turns
  2168 | D:3      | Killed Grinder
  2169 | D:3      | Reached skill level 5 in Fighting
  2169 | D:3      | Reached skill level 5 in Axes
  2169 | D:3      | Reached XP level 5. HP: 38/48 MP: 4/4
  2169 | D:3      | Reached XP level 6. HP: 45/56 MP: 5/5
  2644 | D:4      | Noticed Edmund
  2655 | D:4      | Killed Edmund
  2719 | D:4      | Found a shimmering altar of Xom.
  2721 | D:4      | Found a shimmering altar of Xom.
  2721 | D:4      | Found a shimmering altar of Xom.
  2767 | D:4      | Found a glowing drain.
  2781 | Sewer    | Entered a sewer
  2820 | Sewer    | Noticed Pargi
  2835 | Sewer    | Killed Pargi
  2836 | Sewer    | Reached skill level 5 in Armour
  2836 | Sewer    | Reached XP level 7. HP: 42/62 MP: 6/6
  3162 | D:4      | Found a staircase to the Ecumenical Temple.
  3653 | D:4      | Reached skill level 5 in Dodging
  3715 | D:5      | Entered Level 5 of the Dungeon
  4271 | D:5      | Found a runed translucent door.
  4272 | D:5      | Noticed Crazy Yiuf
  4405 | D:5      | Found a white marble altar of Elyvilon.
  4432 | D:5      | Reached XP level 8. HP: 65/71 MP: 7/7
  4754 | D:5      | Killed Crazy Yiuf
  5969 | D:7      | Found a stormy altar of Qazlal.
  6009 | D:7      | Found a sacrificial altar of Ru.
  6217 | D:7      | Found Fucisumn's Overcharged Wands.
  6282 | D:7      | Reached XP level 9. HP: 53/81 MP: 8/8
  6456 | D:7      | Reached *** piety under Trog
  6790 | D:7      | Found a burning altar of Makhleb.
  6790 | D:7      | Noticed a balrug
  7365 | D:8      | Found Welyrry's Book Emporium.
  7586 | D:8      | Found Boclitorgh's Book Shop.
  7709 | D:8      | Found Foibi's Assorted Antiques.
  7785 | D:8      | Found Qidafof's Book Boutique.
  7803 | D:8      | Found Aropeis's Antique Weapon Emporium.
  8169 | D:9      | Noticed a manticore
  8180 | D:9      | Killed a manticore
  8218 | D:9      | Reached **** piety under Trog
  8219 | D:9      | Reached XP level 10. HP: 45/91 MP: 9/9
  8724 | D:10     | Entered Level 10 of the Dungeon
  8900 | D:10     | Noticed a two-headed ogre
  8912 | D:10     | Killed a two-headed ogre
  9394 | D:10     | Found a blossoming altar of Fedhas.
  9404 | D:10     | Found a radiant altar of Vehumet.
  9407 | D:10     | Found an ornate altar of the Wu Jian Council.
  9409 | D:10     | Found a broken altar of Ashenzari.
  9415 | D:10     | Found a shadowy altar of Dithmenos.
  9650 | D:10     | Noticed Psyche
  9660 | D:10     | Killed Psyche
  9661 | D:10     | Reached skill level 10 in Fighting
  9661 | D:10     | Reached skill level 10 in Axes
  9948 | D:10     | Noticed a two-headed ogre
  9961 | D:10     | Killed a two-headed ogre
  9962 | D:10     | Reached skill level 10 in Armour
 10173 | D:10     | Identified the scarf "Ugaitaex" {rC+ rF+, Fly Will- Str+9}
 10510 | D:11     | Noticed a smoke demon
 10510 | D:11     | Noticed a rust devil
 10511 | D:11     | Noticed an orange demon
 10514 | D:11     | Gained mutation: You occasionally lose the ability to drink
                  | potions when taking damage. [a neqoxec]
 10521 | D:11     | Gained mutation: Your magical capacity is low. (-10% MP) [a
                  | neqoxec]
 10525 | D:11     | HP: 4/141 [smoke demon/ball of steam (6)]
 10525 | D:11     | Slain by a hellwing

Illustrated notes

Levels and vault maps discovered:
D:1:      dpeg_arrival_fog, layout_basic, hellmonk_ecumenical_altar_run_dry,
          serial_bayou, serial_bayou_pond_b, serial_bayou_lagoon_a,
          serial_bayou_pond_a, serial_bayou_pond_d, minivault_4,
          minmay_stone_trees_large, minmay_ruptured
D:2:      layout_loops_cross
D:3:      cheibrodos_pilgrimage, layout_basic, mainiacjoe_overflow_two_lobes,
          uniq_grinder
D:4:      layout_basic, xom_redecorated, minmay_temple_entry_gardened_gates,
          portal_sewer_entry_b, uniq_edmund
D:5:      layout_loops_ring, lemuel_round_altar, uniq_crazy_yiuf_cottage
D:6:      layout_basic
D:7:      layout_basic, makhleb_altar_promises_db,
          nicolae_qazlal_scattered_showers, overflow_temple_1_default,
          minmay_holes, nicolae_shop_overcharged_wands
D:8:      layout_rooms, serial_shops, nicolae_shop_crystal, nicolae_square_shop,
          nicolae_shop_tiny_glass, nicolae_book_shop_shelving,
          nicolae_shop_window_shopping, minmay_strange_pillars
D:9:      layout_rooms
D:10:     layout_stronghold, nicolae_overflow_hallway_of_the_gods, st_stairs_9,
          minmay_misc_feat_five, hex_large, uniq_fannar, uniq_psyche
D:11:     layout_irregular_city, minmay_lair_entry_grove, david_orc_1_choice,
          serial_demonic, serial_demonic_d, serial_demonic_d, serial_demonic_a,
          serial_demonic_e

Skill      XL: |  1  2  3  4  5  6  7  8  9 10 |
---------------+-------------------------------+-----
Fighting       | 4 5 6 7 9 10 | 10.3
Axes           | 4 5 6 7 9 10 | 10.3
Armour         | 3 4 5 6 7 9 10 | 10.0
Dodging        | 3 4 5 6 8 9 |  9.2

Action                     |  1- 3 |  4- 6 |  7- 9 | 10-12 || total
---------------------------+-------+-------+-------+-------++-------
  Melee: Hand axe          |    82 |    83 |   390 |    94 ||   649
         Headbutt          |    13 |    15 |    73 |    25 ||   126
         Punch             |       |     1 |     5 |     1 ||     7
  Throw: Dart              |       |       |     1 |       ||     1
 Invoke: Berserk           |       |     2 |     5 |     2 ||     9
    Use: Scroll            |       |     1 |       |       ||     1
 Armour: Chain mail        |    44 |    54 |   188 |       ||   286
         Plate armour      |       |       |     9 |    66 ||    75
  Dodge: Dodged            |    29 |    42 |   192 |    65 ||   328
